 Dungeon Crawl Stone Soup version 0.31.0-9-g3a7656b989 (webtiles) character file.

Game seed: 10310580720844397280

353 qw the Shooter (level 6, 0/30 HPs)
             Began as a Spriggan Hunter on Feb 2, 2024.
             Slain by Duvessa
             ... wielding a +3 short sword of venom
              (7 damage)
             ... on level 4 of the Dungeon.
             The game lasted 00:00:13 (2746 turns).

qw the Shooter (Spriggan Hunter)                    Turns: 2746, Time: 00:00:13

Health: 0/30       AC:  2    Str:  7    XL:     6   Next: 35%
Magic:  7/7        EV: 26    Int: 11    God:
Gold:   104        SH:  0    Dex: 20    Spells: 5/5 levels left

rFire   . . .        a - +1 shortbow
rCold   . . .        (shield currently unavailable)
rNeg    . . .        c - +0 robe
rPois   .            (helmet restricted)
rElec   .            (no cloak)
rCorr   +            (gloves unavailable)
SInv    +            (boots unavailable)
Will    +....        (no amulet)
Stlth   +            f - +5 ring of evasion
HPRegen 0.25/turn    e - ring of resist corrosion
MPRegen 0.10/turn

%: no passive effects
@: lethally poisoned (0 -> -16), lit by a corona, glowing, very quick
A: very small, no large weapons, unfitting armour, see invisible, speed 3
a: no special abilities


You were on level 4 of the Dungeon.
You visited 1 branch of the dungeon, and saw 4 of its levels.

You collected 146 gold pieces.
You spent 42 gold pieces at shops.


Innate Abilities, Weirdness & Mutations

You are very small and have problems with some larger weapons.
You are too small for most types of armour.
You have supernaturally acute eyesight. (SInv)
You cover ground extremely quickly. (Speed+++)


   Skills:
 - Level 2.0 Fighting
 + Level 6.3 Ranged Weapons
 - Level 6.0 Dodging
 - Level 1.5 Stealth


You had 5 spell levels left.
You didn't know any spells.
Your spell library was empty.

Inventory:

Hand Weapons
 a - a +1 shortbow (weapon)
Armour
 c - a +0 robe (worn)
Jewellery
 e - a ring of resist corrosion (right hand)
 f - a +5 ring of evasion (left hand)
Scrolls
 i - a scroll of brand weapon {unknown}
 l - a scroll of teleportation
 m - 2 scrolls of enchant armour
Potions
 b - 2 potions of heal wounds
 d - a potion of cancellation
 g - a potion of might
 h - a potion of mutation
 j - a potion of magic {unknown}
 k - 2 potions of curing
 n - a potion of brilliance {unknown}

Dungeon Overview and Level Annotations

Branches:
Dungeon (4/15)
 Temple: D:4-7

Altars:
Gozag
Vehumet

Shops:
D:3 (=!=(   D:4 *

Annotations:
D:4 Dowan, Duvessa


Message History

You shoot an arrow. The arrow completely misses Duvessa.
The arrow hits Dowan but does no damage.
Dowan is moderately wounded.
Duvessa gestures with her weapon.
You shoot an arrow.
The arrow hits Duvessa but does no damage.
Duvessa says, "When magic and the sword combine, nothing stands against them."
You shoot an arrow.
The arrow hits Duvessa but does no damage.
Dowan mumbles some strange words.
Dowan blinks!
You shoot an arrow. The arrow hits Dowan!
Dowan is severely wounded.
Dowan gestures at Duvessa while chanting.
Duvessa seems to speed up.
Enter note:
Enter note:
Enter note:
Enter note:
Enter note:
Enter note:
2743 ||| RETREEEEATING.
Duvessa says, "My weaknesses are his strengths!"
Duvessa hits you with a +3 short sword of venom.
Dowan points at you and mumbles some strange words.
You are outlined in light.
Enter note:
Enter note:
Enter note:
2744 ||| RETREEEEATING.
You shoot an arrow. The arrow hits Duvessa.
Duvessa is lightly wounded.
Duvessa misses you.
Duvessa hits you with a +3 short sword of venom!
You are lethally poisoned!
You shoot an arrow. The arrow hits Duvessa.
Duvessa is lightly wounded.
You feel very sick.
Duvessa hits you with a +3 short sword of venom!
You die...

#.# ##.....## #.# ..
##...## #.# ... ##'## #.#
#.# #.# ##.# #.# #.# ...#
#ยค# ##.## #### #.#
##...## ######.######
#.....#
#...)..e@...####....#####
#.....e##................
#...................#####
#...................#
#....#....#...#....##
#...............##.#
##.....##....#####.#
#.....##....# #.#
##..........#####.###


You could see Duvessa (fast) and Dowan.

Vanquished Creatures
  An ice beast (D:4)
  A phantom (D:3)
  A bombardier beetle (D:4)
  A sleepcap (D:4)
  4 adders
  3 dart slugs
  A ribbon worm (D:2)
  An orc (D:4)
  4 ball pythons
  7 endoplasms
  2 giant cockroaches (D:2)
  12 goblins
  11 hobgoblins
  8 jackals
  2 quokkas
  4 bats
  A frilled lizard (D:2)
  9 kobolds
  5 rats
78 creatures vanquished.

Notes
Turn   | Place    | Note
-------+----------+-------------------------------------------
     0 | D:1      | qw the Spriggan Hunter began the quest for the Orb.
     0 | D:1      | Reached XP level 1. HP: 10/10 MP: 2/2
     0 | D:1      | 0 ||| qw: Version: 0.3-a-155-g5e7d8dd
     0 | D:1      | 0 ||| qw: Game counter: 1468
     0 | D:1      | 0 ||| qw: Melee chars always use a shield: true
     0 | D:1      | 0 ||| qw: God list: Okawaru
     0 | D:1      | 0 ||| qw: Allow faded altars: false
     0 | D:1      | 0 ||| qw: Do Orc after clearing Dungeon:15 true
     0 | D:1      | 0 ||| qw: Do second Lair branch before Depths: true
     0 | D:1      | 0 ||| qw: Lair rune preference: random
     0 | D:1      | 0 ||| qw: Goals: Normal
     0 | D:1      | 0 ||| PLANNING D:1-11
   131 | D:1      | Reached skill level 3 in Dodging
   170 | D:1      | Reached XP level 2. HP: 14/14 MP: 3/3
   189 | D:1      | HP: 3/14 [hobgoblin (4)]
   244 | D:1      | You fall into a shaft and drop 1 floor!
   258 | D:2      | 258 ||| READING scroll labelled MANENWYERA.
   258 | D:2      | 258 ||| ENCHANTING +0 shortbow.
   259 | D:2      | 259 ||| DROPPING scroll of butterflies.
   410 | D:1      | Reached XP level 3. HP: 16/18 MP: 4/4
   902 | D:1      | 902 ||| DRINKING 2 bubbling puce potions.
  1007 | D:1      | 1007 ||| DROPPING potion of berserk rage.
  1339 | D:2      | Found a faded altar of an unknown god.
  1513 | D:2      | Reached XP level 4. HP: 22/22 MP: 5/5
  1736 | D:2      | 1736 ||| UPGRADING to +5 ring of evasion.
  1737 | D:2      | 1737 ||| READING scroll labelled XUWESEY ED ZEDD.
  1737 | D:2      | 1737 ||| ENCHANTING +0 shortbow.
  1738 | D:2      | 1738 ||| READING 2 scrolls labelled ARRI FIOT.
  1738 | D:2      | 1738 ||| IDENTIFYING yellow potion
  1739 | D:2      | 1739 ||| READING scroll of identify.
  1739 | D:2      | 1739 ||| IDENTIFYING red potion
  1740 | D:2      | 1740 ||| DRINKING 3 coppery potions.
  1787 | D:3      | Found Weveby's Jewellery Boutique.
  1798 | D:3      | 1798 ||| SHOPLISTING +6 ring of dexterity (360 gold, have
                  | 92).
  1798 | D:3      | 1798 ||| SHOPLISTING ring of fire (250 gold, have 92).
  1798 | D:3      | 1798 ||| SHOPLISTING ring of poison resistance (200 gold,
                  | have 92).
  1798 | D:3      | 1798 ||| SHOPLISTING ring of positive energy (200 gold,
                  | have 92).
  1798 | D:3      | 1798 ||| SHOPLISTING ring of protection from fire (250
                  | gold, have 92).
  1807 | D:3      | Noticed a phantom
  1820 | D:3      | Killed a phantom
  1821 | D:3      | Reached skill level 6 in Dodging
  1821 | D:3      | Reached XP level 5. HP: 25/25 MP: 6/6
  1967 | D:3      | Found Gymuacw's Distillery.
  1976 | D:3      | 1976 ||| BUYING potion of curing (42 gold).
  1976 | D:3      | Bought a potion of curing for 42 gold pieces
  1976 | D:3      | 1976 ||| SHOPLISTING potion of heal wounds (70 gold, have
                  | 50).
  1976 | D:3      | 1976 ||| SHOPLISTING potion of resistance (140 gold, have
                  | 50).
  2061 | D:3      | Found Qott's Antique Weapon Shop.
  2065 | D:3      | Found Kyvvuw's Jewellery Emporium.
  2076 | D:3      | 2076 ||| SHOPLISTING amulet of Polytheism {Spirit -Cast
                  | Dex+5} (486 gold, have 68).
  2076 | D:3      | 2076 ||| SHOPLISTING amulet of faith (480 gold, have 68).
  2076 | D:3      | 2076 ||| SHOPLISTING ring of ice (300 gold, have 68).
  2076 | D:3      | 2076 ||| SHOPLISTING ring of positive energy (240 gold,
                  | have 68).
  2076 | D:3      | 2076 ||| SHOPLISTING ring of protection from cold (300
                  | gold, have 68).
  2094 | D:3      | Found a radiant altar of Vehumet.
  2179 | D:3      | Found Yxiepite's Antique Weapon Shoppe.
  2187 | D:3      | 2187 ||| SHOPLISTING glowing shortbow (132 gold, have 81).
  2229 | D:3      | 2229 ||| UPGRADING to ring of resist corrosion.
  2230 | D:3      | 2230 ||| DROPPING ring of flight.
  2231 | D:3      | 2231 ||| READING scroll of identify.
  2231 | D:3      | 2231 ||| IDENTIFYING smoky black potion
  2232 | D:3      | 2232 ||| READING 2 scrolls labelled ZUXKOU PA NUI.
  2237 | D:3      | 2237 ||| READING scroll labelled UGIPUS YCEI.
  2256 | D:4      | 2256 ||| STAIRDANCE
  2261 | D:4      | 2261 ||| STAIRDANCE
  2309 | D:4      | Found an opulent altar of Gozag.
  2312 | D:4      | Found Gozag's Platinum Reserve.
  2321 | D:4      | 2321 ||| SHOPLISTING ring "Golourog" {*Corrode +Blink rN+
                  | Int+2 Dex+2} (3680 gold, have 81).
  2321 | D:4      | 2321 ||| SHOPLISTING ring of Qybriratzu {rElec rF+ rC+++
                  | Int-5 Slay+2} (7190 gold, have 81).
  2442 | D:4      | Noticed an ice beast
  2453 | D:4      | Killed an ice beast
  2454 | D:4      | Reached skill level 6 in Ranged Weapons
  2454 | D:4      | Reached XP level 6. HP: 14/30 MP: 7/7
  2735 | D:4      | Noticed Dowan
  2736 | D:4      | Noticed Duvessa
  2743 | D:4      | 2743 ||| RETREEEEATING.
  2744 | D:4      | 2744 ||| RETREEEEATING.
  2746 | D:4      | HP: 7/30 [poisoned by Duvessa]
  2746 | D:4      | Slain by Duvessa

Levels and vault maps discovered:
D:1:      nagdon_arrival_zigzag_paths, layout_loops_ring
D:2:      layout_loops_ring, ebering_ecumenical_altar_box
D:3:      layout_basic, mainiacjoe_overflow_cross_hatched, serial_shops, shop,
          shop, shop, shop, nicolae_lakefront_shop, minmay_circle_x
D:4:      layout_loops_corners, nicolae_gozag_zags_fifth_avenue,
          minmay_temple_entry_drinking_statues, skrybe_limestone_x, uniq_duvessa

Skill      XL: |  1  2  3  4  5 |
---------------+----------------+-----
Dodging        | 3 4 6 |  6.0
Ranged Weapons | 5 6 |  6.3
Fighting       | 2 |  2.0
Stealth        | |  1.5

Action                     |  1- 3 |  4- 6 || total
---------------------------+-------+-------++-------
   Fire: Shortbow          |   127 |   106 ||   233
    Use: Scroll            |     1 |     6 ||     7
         Potion            |     1 |     1 ||     2
 Armour: Robe              |    20 |    12 ||    32
  Dodge: Dodged            |    57 |    44 ||   101

Table legend:
 A = Non-vault XP
 B = Vault XP
 C = Vault XP percentage of total XP
 D = Non-vault monster count
 E = Vault monster count
 F = Vault count percentage of total count
                 A         B        C        D         E       F
            +---------+---------+-------+---------+---------+-------
      Total |     484 |      21 |   4.2 |      73 |       5 |   6.4
            +---------+---------+-------+---------+---------+-------
        D:1 |      47 |       0 |   0.0 |      26 |       0 |   0.0
        D:2 |      64 |       0 |   0.0 |      21 |       0 |   0.0
        D:3 |     133 |      21 |  13.6 |      15 |       5 |  25.0
        D:4 |     240 |       0 |   0.0 |      11 |       0 |   0.0
            +---------+---------+-------+---------+---------+-------
